Mecha, chaotic female human Wizard ---- |..-- ---..<| |....-- ---%|.--- |>..|*..| |.......| |.--....- ---- |`|..... |..| |...... --..| |.|.|. |...| |.|-- |.--- --|.| |.| --.|.| -.|.-- |....- |..G..-----...... -@h..........).- ---^G..--------.-- |.|....- --- |..--.- ---- - Mecha the Conjurer Experience level: 4 Strength: 11 Dexterity: 18 Constitution: 12 Intelligence: 18 Wisdom: 8 Charisma: 10 Health: 0(27) Energy: 29(40) Def: 1 Gold: 347 Moves: 1676 Dungeon seed: bKktoq9cYmIqCyt9 Game ID: Mecha_1477772595 Your Inventory: Coins $ - 347 gold pieces Weapons a - a blessed +1 quarterstaff u - a +0 dagger named STAB (weapon in hand) w - 7 +0 daggers (in quiver) Armor e - an uncursed +0 cloak of magic resistance (being worn) r - an uncursed +0 orcish helm y - an uncursed +0 dwarvish iron helm Scrolls i - 2 uncursed scrolls of identify j - a blessed scroll of identify s - an uncursed scroll of enchant weapon Spellbooks k - a blessed spellbook of force bolt l - an uncursed spellbook of charm monster o - an uncursed spellbook of detect unseen p - an uncursed spellbook of clairvoyance Potions g - an uncursed potion of invisibility Rings c - an uncursed ring of shock resistance d - an uncursed ring of polymorph x - an uncursed ring of stealth Wands b - a blessed wand of cancellation (0:4) Tools m - an uncursed bell n - an uncursed mirror v - an uncursed partly used tallow candle (lit) (0:146) Gems q - an uncursed worthless piece of yellow glass Spells and supernatural/magical abilities: Name Level Category Fail Memory a - force bolt 1 attack 0% 92% e - charm monster 3 enchantment 0% 92% W - pray for help -- divine ? -- Your skills at the end: Fighting Skills Weapon Skills quarterstaff [Basic] Spellcasting Skills attack spells [Basic] enchantment spells [Basic] Final Attributes: You were piously aligned. You were magic-protected. You are dead. Vanquished creatures: a dwarf lord a water nymph a gnome lord a gnomish wizard a kitten 3 gnomes 4 jackals a kobold a goblin 4 sewer rats 6 grid bugs a lichen 5 newts 30 creatures vanquished. Voluntary challenges: You were an atheist. You used a wielded weapon 29 times, starting on turn 116. You read items or engraved 2 times, starting on turn 493. You never genocided any monsters. You never polymorphed an object. You never changed form. You used no wishes. You never split a pudding. You never wrote Elbereth's name. You never violated your personal moral code. Dungeon overview: The Dungeons of Doom: levels 1 to 3 Level 1 a fountain a long staircase Level 2 an armor shop Level 3 a fountain stairs to The Gnomish Mines The Gnomish Mines: Level 4 <- You were here stairs to The Dungeons of Doom History has recorded: On T:1 you entered the Dungeons of Doom to retrieve the Amulet of Yendor! On T:927 you reached level 2 of The Dungeons of Doom. On T:1047 you advanced to experience level 2. On T:1329 you reached level 3 of The Dungeons of Doom. On T:1427 you reached level 1 of The Gnomish Mines. On T:1552 you advanced to experience level 3. On T:1593 you advanced to experience level 4. Score breakdown: Gold: 347 ( 8645 points) Experience: 4 levels ( 9649 points) Exploration: 4 levels ( 8.33%) ( 7579 points) Discoveries: 0 items ( 0.00%) ( 0 points) Valuables value: (no points given unless you survive) Artifact value: 0 ( 0 points) Variety of kills: 13 monsters ( 3.41%) ( 5541 points) Turncount: 1676 turns ( 0 points) Survival: died (score multiplied by 80%) Total score: 25131 Latest messages: The spell hits the gnome lord! You kill the gnome lord! There are a few objects here. Your candle's flame burns brightly! Click! You trigger a rolling boulder trap! Fortunately for you, no boulder was released. You see here a crossbow. You fall into a pit! You are still in a pit. You crawl to the edge of the pit. You hit the dwarf. The dwarf wields a pick-axe! You hit the dwarf. (2x) The dwarf swings his pick-axe. The dwarf hits! You miss the dwarf. You hit the dwarf. The dwarf swings his pick-axe. The dwarf hits! You miss the dwarf. The gnome hits! You hit the dwarf. The dwarf swings his pick-axe. The dwarf hits! You die... Final status: Goodbye Mecha the Wizard, killed by a dwarf... You died in The Gnomish Mines on dungeon level 4 with 25131 points, and 347 pieces of gold, after 1676 moves. You were level 4 with a maximum of 27 hit points when you died.